[Event "Friday 13 April Rapid ET, 12+2, 7 rds, 16.00 ST"]
[Site "Infinity Chess"]
[Date "2018.4.13"]
[Round "3"]
[White "Time_bandit"]
[Black "RonWeasley"]
[Result "1/2-1/2 "]
[ECO "C11"]
[WhiteElo "2456"]
[BlackElo "2476"]
[WhiteEngine "asmFishW_2018-02-02_popcnt"]
[BlackEngine "BrainFish 090218_CTG"]
[EventType "Swiss"]
[WhiteTeam ""]
[BlackTeam ""]
[PlyCount "180"]
[TimeControl "720+2"]

1. e4 e6 2. d4 d5 3. Nc3 Nf6 4. e5 Nfd7 5. f4 c5 6. Nf3 Nc6 7. Be3 cxd4 
8. Nxd4 Qb6 9. Qd2 Qxb2 10. Rb1 Qa3 11. Bb5 Nxd4 12. Bxd4 a6 13. Bxd7+ Bxd7 
14. Rb3 Qe7 15. Rxb7 Rc8 16. O-O Qd8 17. f5 exf5 18. Qd3 Bc5 19. Bxc5 Rxc5 
20. Nxd5 Bc8 21. Re7+ Kf8 22. Qa3 Qa5 23. Qxa5 Rxa5 24. Rc7 Be6 25. Nf4 Rxe5 
26. Nxe6+ Rxe6 27. Rxf5 Re7 28. Rc8+ Re8 29. Rc7 Re7 30. Rc8+ Re8 31. Rfc5 Ke7 
32. R8c6 g6 33. Kf2 Ra8 34. Rc7+ Kf6 35. Rc3 Kg7 36. Rf3 Rhf8 37. Kg3 Rae8 
38. a4 Re2 39. h4 Kh6 40. Kh3 f5 41. Rb3 Rd8 42. Ra7 Rxc2 43. Rbb7 Rc3+ 
44. g3 Rh8 45. Rf7 Rc6 46. Rfd7 g5 47. hxg5+ Kxg5 48. Rf7 Rh6+ 49. Kg2 Re8 
50. Rg7+ Rg6 51. Rxg6+ hxg6 52. Rxa6 Re4 53. a5 Ra4 54. Kf3 Ra3+ 55. Kg2 Ra4 
56. Kf2 Ra2+ 57. Kg1 Kh5 58. Rd6 Rxa5 59. g4+ fxg4 60. Rb6 Ra1+ 61. Kg2 Kh4 
62. Rb2 Re1 63. Ra2 Rd1 64. Rb2 Rd7 65. Ra2 Rb7 66. Rc2 Re7 67. Rd2 Re8 
68. Ra2 Re1 69. Rb2 Re8 70. Rb3 Rc8 71. Rb2 Rc7 72. Ra2 Rc8 73. Rb2 Rd8 
74. Ra2 Kg5 75. Ra7 Rb8 76. Kg3 Rb3+ 77. Kf2 Kh4 78. Rh7+ Kg5 79. Kg2 Rb5 
80. Kg3 Ra5 81. Rd7 Ra3+ 82. Kg2 Ra2+ 83. Kg3 Ra3+ 84. Kf2 Ra4 85. Rg7 Re4 
86. Rd7 Re5 87. Kg3 Re3+ 88. Kg2 Re2+ 89. Kg3 Re3+ 90. Kf2 Ra3 1/2-1/2

[Event "Friday 13 April Rapid ET, 12+2, 7 rds, 16.00 ST"]
[Site "Infinity Chess"]
[Date "2018.4.13"]
[Round "3"]
[White "Eman"]
[Black "CrapCleaner"]
[Result "1/2-1/2"]
[ECO "D02"]
[WhiteElo "2465"]
[BlackElo "2479"]
[WhiteEngine "Eman 1.70-beta20 64-bit POPCNT"]
[BlackEngine "Raubfisch X38b_CTG"]
[EventType "Swiss"]
[WhiteTeam ""]
[BlackTeam ""]
[PlyCount "91"]
[TimeControl "720+2"]

1. d4 d5 2. Nf3 Nf6 3. c4 e6 4. g3 Bb4+ 5. Bd2 Be7 6. Bg2 O-O 7. O-O c6 8. b3 b6 
9. Bc1 Nbd7 10. Bb2 Bb7 11. Nc3 Rc8 12. e3 a6 13. Re1 Re8 14. Nd2 c5 
15. Qe2 cxd4 16. exd4 Rc7 17. Rac1 Qa8 18. cxd5 Bb4 19. Nc4 b5 20. Ne3 Bxc3 
21. dxe6 Bxg2 22. exd7 Rxd7 23. Bxc3 Rde7 24. Qd2 Ne4 25. Qc2 Bh3 26. d5 Ng5 
27. Red1 Qd8 28. Bb2 Rxe3 29. fxe3 Rxe3 30. Rd3 Re4 31. d6 Qe8 32. d7 Bxd7 
33. Rxd7 Qxd7 34. Qc8+ Qe8 35. h4 Re1+ 36. Kg2 Re2+ 37. Kf1 Nf3 38. Qxe8+ Rxe8 
39. Kf2 Nd2 40. Rc6 Ne4+ 41. Kf3 h5 42. Rxa6 Nd2+ 43. Kf2 Ne4+ 44. Kf3 Nd2+ 
45. Kf2 Ne4+ 46. Kf3 1/2-1/2

[Event "Friday 13 April Rapid ET, 12+2, 7 rds, 16.00 ST"]
[Site "Infinity Chess"]
[Date "2018.4.13"]
[Round "3"]
[White "TasicV"]
[Black "MCDermont"]
[Result "1/2-1/2"]
[ECO "C55"]
[WhiteElo "2435"]
[BlackElo "2486"]
[WhiteEngine "S_XPrO.020418.64.BMI2_CTG"]
[BlackEngine "BrainFish 090218"]
[EventType "Swiss"]
[WhiteTeam ""]
[BlackTeam ""]
[PlyCount "125"]
[TimeControl "720+2"]

1. e4 e5 2. Nf3 Nc6 3. Bc4 Nf6 4. d3 Bc5 5. c3 d6 6. O-O O-O 7. Bg5 h6 8. Bh4 g5 
9. Bg3 a6 10. a4 Ba7 11. Nbd2 Nh7 12. h3 h5 13. Kh1 Kh8 14. b4 h4 15. Bh2 g4 
16. hxg4 Bxg4 17. b5 Na5 18. Ba2 Qf6 19. d4 Rae8 20. Qb1 Qh6 21. Qd3 f5 
22. exf5 Bxf5 23. Qe3 Qh5 24. Nxe5 Nf6 25. Nf7+ Rxf7 26. Bxf7 Qxf7 27. Qh6+ Kg8 
28. Qxh4 Rf8 29. bxa6 bxa6 30. Rae1 Qh7 31. Qxh7+ Bxh7 32. Re3 Rf7 33. Rfe1 Nd5 
34. Rg3+ Kf8 35. Rg5 Rf5 36. Rxf5+ Bxf5 37. c4 Nb4 38. c5 Nac6 39. cxd6 Nd3 
40. Rf1 cxd6 41. Bxd6+ Kf7 42. d5 Ne7 43. Bxe7 Kxe7 44. f3 Kd6 45. g4 Bg6 
46. f4 Kxd5 47. f5 Bf7 48. Kh2 Be3 49. Nf3 Ke4 50. f6 Bc4 51. Kg3 Ne5 
52. Nxe5 Bxf1 53. f7 Bh6 54. Nd7 Bg7 55. Kh4 Bc4 56. f8=Q Bxf8 57. Nxf8 a5 
58. g5 Bb3 59. g6 Kf5 60. Kg3 Bd5 61. g7 Kf6 62. g8=Q Bxg8 63. Kf4 1/2-1/2

[Event "Friday 13 April Rapid ET, 12+2, 7 rds, 16.00 ST"]
[Site "Infinity Chess"]
[Date "2018.4.13"]
[Round "3"]
[White "hafaba"]
[Black "KhalidOmar"]
[Result "1/2-1/2"]
[ECO "C50"]
[WhiteElo "2478"]
[BlackElo "2462"]
[WhiteEngine "Eman 1.70-beta18x 64-bit POPCNT_CTG"]
[BlackEngine "Eman 1.70-beta20 64-bit BMI2"]
[EventType "Swiss"]
[WhiteTeam ""]
[BlackTeam ""]
[PlyCount "59"]
[TimeControl "720+2"]

1. e4 e5 2. Nf3 Nc6 3. Bc4 Bc5 4. O-O Nf6 5. d3 O-O 6. c3 d6 7. Bg5 a5 8. a4 h6 
9. Bh4 g5 10. Bg3 Ba7 11. Na3 Ne7 12. Re1 Nh5 13. Nc2 Nf4 14. d4 Neg6 
15. dxe5 Nxe5 16. Nxe5 dxe5 17. Ne3 Bxe3 18. fxe3 Ng6 19. Qb3 h5 20. Rf1 Qe7 
21. Be1 h4 22. h3 Kg7 23. Rd1 b6 24. Rd2 Qc5 25. Rd5 Qc6 26. Bb5 Qe6 27. Bc4 Qe7 
28. Rd2 Qc5 29. Rd5 Qe7 30. Rd2 1/2-1/2

[Event "Friday 13 April Rapid ET, 12+2, 7 rds, 16.00 ST"]
[Site "Infinity Chess"]
[Date "2018.4.13"]
[Round "2"]
[White "Vimtiroba"]
[Black "Katzenmaier"]
[Result "1/2-1/2"]
[ECO "C50"]
[WhiteElo "2409"]
[BlackElo "2502"]
[WhiteEngine "SF9 ''A5''_CTG"]
[BlackEngine "Raubfisch X36b"]
[EventType "Swiss"]
[WhiteTeam ""]
[BlackTeam ""]
[PlyCount "30"]
[TimeControl "720+2"]

1. e4 e5 2. Nf3 Nc6 3. Bc4 Bc5 4. O-O Nf6 5. d3 d6 6. c3 O-O 7. h3 a5 8. Nbd2 h6 
9. Re1 Be6 10. Bb5 Qb8 11. Re2 Qa7 12. Ba4 Rab8 13. Bb5 Ra8 14. Ba4 Rab8 
15. Bb5 Ra8 1/2-1/2

[Event "Friday 13 April Rapid ET, 12+2, 7 rds, 16.00 ST"]
[Site "Infinity Chess"]
[Date "2018.4.13"]
[Round "2"]
[White "Deep_Impact"]
[Black "angriff"]
[Result "1/2-1/2"]
[ECO "E10"]
[WhiteElo "2389"]
[BlackElo "2374"]
[WhiteEngine "BrainFish_180323_x64_bmi2"]
[BlackEngine "DracoREX 3.07 64BIT POPCNT_CTG"]
[EventType "Swiss"]
[WhiteTeam ""]
[BlackTeam ""]
[PlyCount "151"]
[TimeControl "720+2"]

1. d4 Nf6 2. c4 e6 3. Nf3 d5 4. Nc3 c6 5. Bg5 h6 6. Bxf6 Qxf6 7. e3 Nd7 
8. Be2 g6 9. O-O Qe7 10. e4 dxc4 11. Bxc4 Bg7 12. e5 O-O 13. Re1 Rd8 14. Rc1 b6 
15. Qe2 a5 16. h3 Bb7 17. a4 Nf8 18. Ne4 c5 19. dxc5 bxc5 20. Bb5 Nd7 
21. Bxd7 Qxd7 22. Nxc5 Bxf3 23. Qxf3 Qd5 24. Qe3 Rab8 25. b3 Rb4 26. Kh2 g5 
27. g3 Rd4 28. Rc3 Bf8 29. Rec1 Be7 30. Qe2 Kg7 31. Qe3 Qa8 32. Nd3 Qd5 
33. Rd1 Qd7 34. Qf3 Bf8 35. Qf6+ Kg8 36. Qf3 Be7 37. Qh5 Kg7 38. Qf3 Bf8 
39. Qf6+ Kh7 40. Qf3 Kg8 41. Rd2 Qd5 42. Qe3 Re4 43. Qf3 Rd4 44. Qe3 Bg7 
45. b4 Bf8 46. bxa5 Qxa5 47. Rdc2 Qxa4 48. Qe2 Qa8 49. f4 Qa6 50. Ra2 Qb5 
51. Rb2 Qd5 52. Nf2 Qa5 53. Rd3 Rxd3 54. Nxd3 Qa1 55. Nf2 gxf4 56. gxf4 Bc5 
57. Rc2 Qd4 58. Qe4 Qxe4 59. Nxe4 Be7 60. Re2 Ra8 61. Rg2+ Kh7 62. Kg3 Ra5 
63. Kf3 Ra4 64. Nf6+ Bxf6 65. exf6 h5 66. h4 Kh6 67. Rg7 Ra3+ 68. Ke2 Rh3 
69. Rxf7 Kg6 70. Rd7 Kxf6 71. Rh7 Rxh4 72. Kf3 e5 73. fxe5+ Kxe5 74. Kg3 Rg4+ 
75. Kh3 Kf4 76. Rf7+ 1/2-1/2

[Event "Friday 13 April Rapid ET, 12+2, 7 rds, 16.00 ST"]
[Site "Infinity Chess"]
[Date "2018.4.13"]
[Round "2"]
[White "KQRBNP"]
[Black "OlivierEvan"]
[Result "1/2-1/2"]
[ECO "B23"]
[WhiteElo "2396"]
[BlackElo "2402"]
[WhiteEngine "Eman 1.70-beta20 64-bit POPCNT"]
[BlackEngine "Houdini 6"]
[EventType "Swiss"]
[WhiteTeam ""]
[BlackTeam ""]
[PlyCount "107"]
[TimeControl "720+2"]

1. e4 c5 2. Nc3 Nc6 3. Nge2 Nd4 4. Nxd4 cxd4 5. Ne2 e5 6. c3 dxc3 7. dxc3 Nf6 
8. Ng3 Bc5 9. Qf3 h6 10. Bc4 O-O 11. Nh5 Nxh5 12. Qxh5 d6 13. O-O Be6 
14. Bxe6 fxe6 15. Qe2 a6 16. Be3 Qb6 17. Bxc5 dxc5 18. Rfd1 Rad8 19. b3 Qa5 
20. Qc2 b5 21. Rac1 c4 22. bxc4 bxc4 23. h3 Kh7 24. Rb1 Rd3 25. Rxd3 cxd3 
26. Qxd3 Qxa2 27. f3 Rd8 28. Qxd8 Qxb1+ 29. Kh2 Qc1 30. Qd6 a5 31. Qxe5 a4 
32. Qxe6 Qf4+ 33. Kg1 Qc1+ 34. Kf2 Qd2+ 35. Kg3 Qg5+ 36. Kf2 a3 37. Qa2 Qc5+ 
38. Kg3 Qxc3 39. Qd5 Qb2 40. Qf5+ Kg8 41. Qe6+ Kh7 42. Qf5+ Kg8 43. Qc8+ Kf7 
44. Qc4+ Kf6 45. f4 a2 46. Qc6+ Kf7 47. Qd7+ Kg8 48. Qc8+ Kf7 49. Qd7+ Kg8 
50. Qe6+ Kh7 51. Qf5+ Kg8 52. Qe6+ Kh7 53. Qf5+ Kg8 54. Qe6+ 1/2-1/2

[Event "Friday 13 April Rapid ET, 12+2, 7 rds, 16.00 ST"]
[Site "Infinity Chess"]
[Date "2018.4.13"]
[Round "2"]
[White "TasicV"]
[Black "star99"]
[Result "1-0"]
[ECO "C42"]
[WhiteElo "2419"]
[BlackElo "2418"]
[WhiteEngine "S_XPrO.020418.64.BMI2_CTG"]
[BlackEngine "Cryptic Heroes 9.4B"]
[EventType "Swiss"]
[WhiteTeam ""]
[BlackTeam ""]
[PlyCount "211"]
[TimeControl "720+2"]

1. e4 e5 2. Nf3 Nf6 3. Nxe5 d6 4. Nf3 Nxe4 5. d4 d5 6. Bd3 Nc6 7. O-O Be7 
8. c4 Nf6 9. Nc3 O-O 10. Re1 Be6 11. cxd5 Nxd5 12. a3 Re8 13. Qc2 h6 14. Be3 Bd6 
15. Bd2 Rb8 16. Re2 Nf6 17. h3 Qd7 18. Rae1 a6 19. Ne4 Nxe4 20. Bxe4 Ne7 
21. Bc3 Bc4 22. Rd2 f5 23. Ne5 Bxe5 24. dxe5 Qe6 25. Bf3 Bd5 26. Bd1 Rbd8 
27. Kh2 Qg6 28. g3 Kh7 29. Qc1 Qe6 30. Bc2 b6 31. Qd1 Rf8 32. b4 g6 33. Qc1 f4 
34. g4 Rf7 35. a4 b5 36. Bb2 Kg8 37. Be4 c6 38. axb5 axb5 39. Qc5 Rff8 
40. Bb1 Kf7 41. Rg1 Kg8 42. Rdd1 Rf7 43. h4 Rff8 44. Rd3 Rd7 45. Qc1 Rdd8 
46. h5 g5 47. Qc2 Rf7 48. Ra3 f3 49. Rg3 Rc8 50. Bd4 Rcf8 51. Be3 Rd8 
52. Bc5 Rg7 53. Ra7 Rf7 54. Qc3 Rdf8 55. Bd6 Re8 56. Bd3 Rf4 57. Qc5 Rf7 
58. Qe3 Kg7 59. Be4 Kg8 60. Qd3 Bxe4 61. Qxe4 Qd5 62. Qc2 Qe6 63. Rc7 Qc4 
64. Qxc4 bxc4 65. e6 Rg7 66. Rxf3 Nd5 67. Rxc6 Rxe6 68. Rc8+ Kh7 69. Bc5 Re4 
70. Rff8 Rd7 71. Rh8+ Kg7 72. Rcg8+ Kf7 73. Rg6 Ne7 74. Rh7+ Ke8 75. Rgxh6 c3 
76. Ra6 Rc7 77. Ra2 Re6 78. Ra8+ Kd7 79. Ra3 Kd8 80. Rxc3 Nd5 81. Rxc7 Kxc7 
82. Ra3 Kd7 83. Ra7+ Ke8 84. Rg7 Nf6 85. f3 Nd7 86. Rxg5 Ra6 87. Kg3 Re6 
88. Rf5 Nf6 89. Bd4 Ng8 90. Re5 Kf7 91. Rxe6 Kxe6 92. g5 Ne7 93. h6 Nf5+ 
94. Kg4 Nxd4 95. h7 Nc2 96. g6 Ne3+ 97. Kg5 Nd5 98. g7 Ne7 99. g8=Q+ Nxg8 
100. hxg8=Q+ Kd6 101. Qc8 Kd5 102. Qc5+ Ke6 103. Kg6 Kd7 104. Kf6 Kd8 
105. Ke6 Ke8 106. Qe7# 1-0

[Event "Friday 13 April Rapid ET, 12+2, 7 rds, 16.00 ST"]
[Site "Infinity Chess"]
[Date "2018.4.13"]
[Round "2"]
[White "KhalidOmar"]
[Black "ocirema"]
[Result "1-0"]
[ECO "D35"]
[WhiteElo "2446"]
[BlackElo "2439"]
[WhiteEngine "Eman 1.70-beta20 64-bit BMI2"]
[BlackEngine "asmFishW_2018-04-08_popcnt_CTG"]
[EventType "Swiss"]
[WhiteTeam ""]
[BlackTeam ""]
[PlyCount "189"]
[TimeControl "720+2"]

1. d4 d5 2. c4 e6 3. Nc3 Nf6 4. cxd5 exd5 5. Bg5 c6 6. e3 h6 7. Bh4 Be7 
8. Qc2 O-O 9. Bd3 Re8 10. Nge2 Nbd7 11. O-O Ne4 12. Bxe7 Qxe7 13. Bxe4 dxe4 
14. Rfd1 Nb6 15. h3 f5 16. d5 cxd5 17. a4 Be6 18. a5 Nd7 19. Nxd5 Qf7 
20. Nc7 Rac8 21. Ra3 Nf8 22. Rc3 Bb3 23. Qxb3 Rxc7 24. Rd5 Rxc3 25. bxc3 Rc8 
26. Qd1 Rc7 27. Qd4 b6 28. axb6 axb6 29. Nf4 Ne6 30. Nxe6 Qxe6 31. Rxf5 Qxf5 
32. Qd8+ Kh7 33. Qxc7 Qf6 34. Qc4 Qf5 35. Qc6 b5 36. Qd6 h5 37. Qf4 Qd5 
38. Kh2 g6 39. g4 hxg4 40. hxg4 Qb7 41. Qe5 Qf7 42. Kg1 Qf3 43. Qc7+ Kg8 
44. Qf4 Qd1+ 45. Kg2 Qd5 46. Qf6 Kh7 47. Qe7+ Kg8 48. Kg3 Qc6 49. Kf4 Qd5 
50. Qe8+ Kh7 51. Qe7+ Kg8 52. Qxe4 g5+ 53. Kf3 Qd6 54. Kg2 Qa6 55. Qd5+ Kf8 
56. Qxg5 Qc6+ 57. Kg3 Qxc3 58. Qxb5 Qc1 59. Kg2 Kg7 60. Qd7+ Kh8 61. g5 Qb1 
62. g6 Qxg6+ 63. Kh2 Qb1 64. Qg4 Qc2 65. Qd4+ Kg8 66. e4 Kf8 67. Qd8+ Kg7 
68. Qg5+ Kf7 69. Qf5+ Kg7 70. Qf3 Qc6 71. Qg4+ Kf7 72. Qf5+ Kg7 73. e5 Qc7 
74. Qg5+ Kf7 75. Qf6+ Kg8 76. Qg6+ Kh8 77. Qg3 Qc1 78. e6 Qc5 79. Kh3 Qf5+ 
80. Qg4 Qb1 81. Kh4 Qh1+ 82. Qh3 Qe1 83. Qe3 Qh1+ 84. Kg4 Qa8 85. e7 Qg8+ 
86. Qg5 Qc4+ 87. f4 Qe2+ 88. Kf5 Qd3+ 89. Kf6 Qa6+ 90. Kf7 Qc4+ 91. Kf8 Qc8+ 
92. e8=Q+ Qf5+ 93. Ke7+ Qf8+ 94. Qxf8+ Kh7 95. Qfh6# 1-0

[Event "Friday 13 April Rapid ET, 12+2, 7 rds, 16.00 ST"]
[Site "Infinity Chess"]
[Date "2018.4.13"]
[Round "2"]
[White "Marsell"]
[Black "Murx"]
[Result "1/2-1/2"]
[ECO "B12"]
[WhiteElo "2443"]
[BlackElo "2449"]
[WhiteEngine "BrainFish_180408_x64_bmi2"]
[BlackEngine "asmFishW_2018-04-07_popcnt"]
[EventType "Swiss"]
[WhiteTeam ""]
[BlackTeam ""]
[PlyCount "99"]
[TimeControl "720+2"]

1. e4 c6 2. d4 d5 3. e5 Bf5 4. Nf3 e6 5. Be2 Nd7 6. O-O Ne7 7. c3 h6 8. Nbd2 Qc7 
9. Re1 a5 10. a3 a4 11. h3 Bg6 12. c4 dxc4 13. Bxc4 b5 14. Ba2 c5 15. Bb1 Bxb1 
16. Rxb1 Nd5 17. Ne4 Rd8 18. Qe2 c4 19. Nh2 Be7 20. Qg4 Kf8 21. Nf1 Kg8 
22. Bd2 Kh7 23. Nfg3 Qc6 24. Rbd1 N7b6 25. Nh5 Rhg8 26. Nhg3 Qe8 27. Qh5 Rd7 
28. Qf3 Kh8 29. Qh5 Kh7 30. Kh2 Rc7 31. Qf3 Kh8 32. Nh5 b4 33. axb4 Bxb4 
34. Bxb4 Nxb4 35. Re2 Nd3 36. Rc2 Qe7 37. Nd6 Rb8 38. Qg3 Qg5 39. Qxg5 hxg5 
40. Rxd3 cxd3 41. Rxc7 Nd5 42. Nxf7+ Kg8 43. Rd7 d2 44. Nxg5 Rf8 45. b3 axb3 
46. Rxg7+ Kh8 47. Rh7+ Kg8 48. Rg7+ Kh8 49. Rh7+ Kg8 50. Rg7+ 1/2-1/2

[Event "Friday 13 April Rapid ET, 12+2, 7 rds, 16.00 ST"]
[Site "Infinity Chess"]
[Date "2018.4.13"]
[Round "2"]
[White "Eman"]
[Black "Time_bandit"]
[Result "1/2-1/2"]
[ECO "D21"]
[WhiteElo "2465"]
[BlackElo "2456"]
[WhiteEngine "Eman 1.70-beta20 64-bit POPCNT"]
[BlackEngine "asmFishW_2018-02-02_popcnt"]
[EventType "Swiss"]
[WhiteTeam ""]
[BlackTeam ""]
[PlyCount "85"]
[TimeControl "720+2"]

1. d4 d5 2. c4 dxc4 3. Nf3 e6 4. e3 Nf6 5. Bxc4 a6 6. O-O c5 7. b3 b5 
8. Be2 Nbd7 9. Nbd2 Bb7 10. a4 b4 11. Nc4 Be7 12. a5 cxd4 13. Nxd4 O-O 
14. Bb2 Nc5 15. Rc1 Nfd7 16. Bf3 Qc7 17. Bxb7 Qxb7 18. f3 Rfd8 19. e4 Rac8 
20. Qe2 f6 21. Kh1 g6 22. Qe3 e5 23. Ne2 Rc7 24. Rfd1 Ne6 25. Rd5 Rc5 
26. Rdd1 Rcc8 27. Rd5 Rc5 28. Rdd1 Qb8 29. Rd5 Rxd5 30. exd5 Nc7 31. Qd2 Nc5 
32. d6 N7e6 33. Rd1 Bf8 34. f4 Ne4 35. Qd5 Nf2+ 36. Kg1 Nxd1 37. Qxe6+ Kh8 
38. Nxe5 Nxb2 39. Qxf6+ Kg8 40. Qf7+ Kh8 41. Qf6+ Kg8 42. Qf7+ Kh8 43. Qf6+ 
1/2-1/2

[Event "Friday 13 April Rapid ET, 12+2, 7 rds, 16.00 ST"]
[Site "Infinity Chess"]
[Date "2018.4.13"]
[Round "2"]
[White "MCDermont"]
[Black "hafaba"]
[Result "1/2-1/2"]
[ECO "C50"]
[WhiteElo "2486"]
[BlackElo "2478"]
[WhiteEngine "BrainFish 090218"]
[BlackEngine "Eman 1.70-beta18x 64-bit POPCNT_CTG"]
[EventType "Swiss"]
[WhiteTeam ""]
[BlackTeam ""]
[PlyCount "98"]
[TimeControl "720+2"]

1. e4 e5 2. Nf3 Nc6 3. Bc4 Bc5 4. O-O Nf6 5. d3 d6 6. c3 O-O 7. Nbd2 a5 
8. Re1 Ba7 9. Nf1 Be6 10. Bb5 Ne7 11. d4 exd4 12. Nxd4 Ng6 13. Ba4 h6 
14. Nxe6 fxe6 15. Be3 Bxe3 16. Nxe3 Kh8 17. f3 Nh5 18. g3 Qg5 19. Ng4 b5 
20. Bc2 Rad8 21. Qc1 Nf6 22. Qxg5 hxg5 23. Nf2 Ne5 24. Bd1 a4 25. Nh3 g4 
26. fxg4 Nd3 27. Rf1 Nxb2 28. Bf3 Nd3 29. Rab1 Rb8 30. Nf4 Nxf4 31. gxf4 d5 
32. exd5 Nxd5 33. Bxd5 exd5 34. f5 Kg8 35. Kf2 c6 36. Rfe1 Rbe8 37. h4 Kf7 
38. Rxe8 Rxe8 39. h5 Re4 40. Kf3 Rc4 41. Rh1 Rxc3+ 42. Kf4 Rc2 43. g5 Rxa2 
44. h6 gxh6 45. gxh6 Kg8 46. Kf3 Ra3+ 47. Kf4 Ra2 48. Kf3 Ra3+ 49. Kf4 Ra2 
1/2-1/2

[Event "Friday 13 April Rapid ET, 12+2, 7 rds, 16.00 ST"]
[Site "Infinity Chess"]
[Date "2018.4.13"]
[Round "1"]
[White "angriff"]
[Black "Marsell"]
[Result "1/2-1/2 "]
[ECO "C55"]
[WhiteElo "2371"]
[BlackElo "2446"]
[WhiteEngine "DracoREX 3.07 64BIT POPCNT_CTG"]
[BlackEngine "BrainFish_180408_x64_bmi2"]
[EventType "Swiss"]
[WhiteTeam ""]
[BlackTeam ""]
[PlyCount "115"]
[TimeControl "720+2"]

1. e4 e5 2. Nf3 Nc6 3. Bc4 Nf6 4. d3 Bc5 5. c3 d6 6. O-O O-O 7. Bg5 h6 8. Bh4 a6 
9. a4 g5 10. Bg3 Ba7 11. Nbd2 Nh7 12. h3 h5 13. Kh1 Kh8 14. b4 h4 15. Bh2 g4 
16. hxg4 Bxg4 17. b5 Na5 18. Ba2 Ng5 19. d4 h3 20. gxh3 Nxh3 21. Qe1 Rg8 
22. Qe3 Kh7 23. Ng1 Qh4 24. Nxh3 Qxh3 25. Rg1 exd4 26. Qf4 dxc3 27. Rg3 Qh6 
28. Rxg4 Rxg4 29. Qxg4 cxd2 30. Qf5+ Kh8 31. Rd1 Bd4 32. Kg2 axb5 33. axb5 Be5 
34. Bxe5+ dxe5 35. Bxf7 Kg7 36. Ba2 Qg6+ 37. Qxg6+ Kxg6 38. Rxd2 Kg5 39. Kg3 c5 
40. Rd5 c4 41. Rxe5+ Kf6 42. Kf4 Nb3 43. Bxb3 cxb3 44. Rf5+ Ke7 45. Re5+ Kd6 
46. Rd5+ Ke6 47. Rd2 Ra2 48. Rd1 Rxf2+ 49. Ke3 Rh2 50. Rb1 b2 51. Kd3 b6 
52. Kd4 Re2 53. e5 Rc2 54. Kd3 Rf2 55. Kc3 Kxe5 56. Rxb2 Rxb2 57. Kxb2 Kd6 
58. Kb3 1/2-1/2

[Event "Friday 13 April Rapid ET, 12+2, 7 rds, 16.00 ST"]
[Site "Infinity Chess"]
[Date "2018.4.13"]
[Round "1"]
[White "Murx"]
[Black "KQRBNP"]
[Result "1/2-1/2"]
[ECO "A13"]
[WhiteElo "2451"]
[BlackElo "2394"]
[WhiteEngine "asmFishW_2018-04-07_popcnt"]
[BlackEngine "Eman 1.70-beta20 64-bit POPCNT"]
[EventType "Swiss"]
[WhiteTeam ""]
[BlackTeam ""]
[PlyCount "129"]
[TimeControl "720+2"]

1. c4 e6 2. d4 d5 3. Nc3 c6 4. e4 dxe4 5. Nxe4 Bb4+ 6. Bd2 Qxd4 7. Bxb4 Qxe4+ 
8. Be2 Na6 9. Ba5 b6 10. Qd6 Bd7 11. Bc3 f6 12. Nf3 Nh6 13. Rd1 Rd8 14. Qa3 Bc8 
15. Nd2 Qf4 16. Bh5+ Nf7 17. O-O c5 18. Qa4+ Ke7 19. Rfe1 Rhe8 20. Qc2 Bb7 
21. Qxh7 Rh8 22. Qg6 Rxh5 23. Qxh5 Rh8 24. Qg6 Qxh2+ 25. Kf1 Qh1+ 26. Ke2 Qxg2 
27. Qxg2 Bxg2 28. Rg1 Rh2 29. Nf1 Bxf1+ 30. Rdxf1 g5 31. Rh1 Rxh1 32. Rxh1 f5 
33. f3 e5 34. a4 Nb8 35. b4 Nd7 36. bxc5 bxc5 37. Rb1 Nd6 38. Bd2 f4 39. Bc3 Ke6 
40. Rg1 Nf7 41. a5 a6 42. Rb1 e4 43. fxe4 Nd6 44. Kf3 Nxc4 45. Rb7 Nce5+ 
46. Kg2 Nc6 47. Rc7 Kd6 48. Rc8 c4 49. Rg8 Nc5 50. Kf3 Ne6 51. Kg4 Ne5+ 
52. Kf5 Nd3 53. Rg6 Ndc5 54. Be5+ Kc6 55. Rh6 f3 56. Rh1 Kb5 57. Rb1+ Kxa5 
58. Rf1 g4 59. Kxg4 Nxe4 60. Rxf3 Kb4 61. Kf5 a5 62. Re3 N6g5 63. Kf4 c3 
64. Bxc3+ Nxc3 65. Kxg5 1/2-1/2

[Event "Friday 13 April Rapid ET, 12+2, 7 rds, 16.00 ST"]
[Site "Infinity Chess"]
[Date "2018.4.13"]
[Round "1"]
[White "OlivierEvan"]
[Black "Time_bandit"]
[Result "1/2-1/2"]
[ECO "A22"]
[WhiteElo "2400"]
[BlackElo "2458"]
[WhiteEngine "Houdini 6"]
[BlackEngine "asmFishW_2018-02-02_popcnt"]
[EventType "Swiss"]
[WhiteTeam ""]
[BlackTeam ""]
[PlyCount "115"]
[TimeControl "720+2"]

1. c4 e5 2. Nc3 Nf6 3. Nf3 Nc6 4. g3 d5 5. cxd5 Nxd5 6. Bg2 Nb6 7. d3 Be7 
8. Be3 O-O 9. O-O Be6 10. d4 exd4 11. Nxd4 Nxd4 12. Bxd4 c6 13. b3 Qd7 
14. Qd3 Bf5 15. Qe3 Qe6 16. Qxe6 Bxe6 17. e4 f5 18. Bh3 Bc8 19. Rac1 Bb4 
20. exf5 Bxf5 21. Bxf5 Rxf5 22. Ne4 Re8 23. f3 Nd5 24. Rc2 a5 25. Kg2 Rd8 
26. Bf2 h6 27. Re2 Nc3 28. Nxc3 Bxc3 29. f4 Kf7 30. Bb6 Rd7 31. h3 Rfd5 
32. Rf3 Bb4 33. g4 c5 34. a3 Bxa3 35. Bxa5 b5 36. Bc3 b4 37. Be5 Rd2 
38. Rxd2 Rxd2+ 39. Kg3 Bb2 40. Bxb2 Rxb2 41. Rd3 Ke6 42. Kf3 Rc2 43. Ke3 c4 
44. bxc4 Rxc4 45. f5+ Ke5 46. Rd7 b3 47. Re7+ Kf6 48. Rb7 Rc3+ 49. Kf4 Rxh3 
50. Rb6+ Kf7 51. Rb7+ Kf8 52. Ke5 Kg8 53. f6 gxf6+ 54. Kxf6 b2 55. Kg6 b1=Q+ 
56. Rxb1 Kf8 57. g5 hxg5 58. Kxg5 1/2-1/2

[Event "Friday 13 April Rapid ET, 12+2, 7 rds, 16.00 ST"]
[Site "Infinity Chess"]
[Date "2018.4.13"]
[Round "1"]
[White "hafaba"]
[Black "Deep_Impact"]
[Result "1-0"]
[ECO "B12"]
[WhiteElo "2465"]
[BlackElo "2402"]
[WhiteEngine "Eman 1.70-beta18x 64-bit POPCNT_CTG"]
[BlackEngine "asmFishW_2018-04-07_bmi2"]
[EventType "Swiss"]
[WhiteTeam ""]
[BlackTeam ""]
[PlyCount "175"]
[TimeControl "720+2"]

1. e4 c6 2. d4 e6 3. Nf3 d5 4. Nbd2 Nf6 5. Bd3 c5 6. exd5 Qxd5 7. dxc5 Qxc5 
8. O-O Be7 9. Re1 O-O 10. Ne5 Rd8 11. Nb3 Qc7 12. Bf4 Bd6 13. Nd4 a6 14. Qf3 Bd7 
15. Qh3 h6 16. Qh4 Nc6 17. Ndxc6 bxc6 18. Re2 Nd5 19. Bg3 c5 20. Rae1 Be8 
21. Qe4 Nf6 22. Qf3 Rab8 23. b3 Qb7 24. Qe3 Nh5 25. a4 Nxg3 26. fxg3 Rbc8 
27. Nc4 Bf8 28. Kh1 g6 29. Ne5 Bg7 30. Rf2 a5 31. h4 Rc7 32. Bc4 Re7 33. Ng4 f5 
34. Nxh6+ Kh7 35. Nxf5 gxf5 36. Bxe6 Bg6 37. h5 Rxe6 38. Qxe6 Bxh5 39. Qxf5+ Bg6 
40. Qxc5 Qb4 41. Qxb4 axb4 42. Re6 Bd4 43. Rf4 Bxc2 44. Rh4+ Kg7 45. Re2 Bd3 
46. Rd2 Bf6 47. Rh3 Bg5 48. Rd1 Bc2 49. Rxd8 Bxd8 50. g4 Kf6 51. Rh4 Bxb3 
52. g5+ Ke6 53. Re4+ Kd6 54. Rxb4 Bf7 55. Rg4 Bg6 56. Rd4+ Ke7 57. Kh2 Bc7+ 
58. Kh3 Ke6 59. Kg4 Ba5 60. Rc4 Kd7 61. Rf4 Ke7 62. Rf6 Be4 63. Rf2 Bg6 
64. Rb2 Bc7 65. Rb7 Kd6 66. Ra7 Kd7 67. Kh4 Kd8 68. Ra6 Bd3 69. Ra8+ Kd7 
70. Kh5 Be5 71. Rf8 Bc4 72. Kh6 Ke7 73. Rf3 Bb2 74. g6 Bd5 75. g7 Bxf3 
76. g8=Q Bc6 77. a5 Bc1+ 78. Kg6 Be8+ 79. Kh7 Bb2 80. Qd5 Kf8 81. a6 Ba4 
82. Qc5+ Ke8 83. a7 Bc2+ 84. Qxc2 Ke7 85. a8=Q Be5 86. Qd5 Bd6 87. Qc8 Bh2 
88. Qcd8# 1-0

[Event "Friday 13 April Rapid ET, 12+2, 7 rds, 16.00 ST"]
[Site "Infinity Chess"]
[Date "2018.4.13"]
[Round "1"]
[White "star99"]
[Black "Eman"]
[Result "1/2-1/2"]
[ECO "D30"]
[WhiteElo "2416"]
[BlackElo "2467"]
[WhiteEngine "Cryptic Heroes 9.4B"]
[BlackEngine "Eman 1.70-beta20 64-bit POPCNT"]
[EventType "Swiss"]
[WhiteTeam ""]
[BlackTeam ""]
[PlyCount "121"]
[TimeControl "720+2"]

1. d4 d5 2. c4 e6 3. Nf3 Nf6 4. Nc3 c6 5. e3 Nbd7 6. Qc2 Bd6 7. Be2 O-O 
8. O-O b6 9. b3 Bb7 10. Bb2 Qe7 11. Rfe1 Rfe8 12. e4 dxe4 13. Nxe4 Nxe4 
14. Qxe4 Rad8 15. Bd3 Nf8 16. Qg4 f6 17. Rad1 c5 18. d5 Qf7 19. Be4 h5 
20. Qh3 exd5 21. Bxd5 Rxe1+ 22. Nxe1 Bxd5 23. Rxd5 Qe6 24. Qxe6+ Nxe6 25. g3 Bf8 
26. Rxd8 Nxd8 27. f4 Nc6 28. Nd3 Kf7 29. Kg2 g6 30. Bc3 Ke6 31. Kf3 Bd6 
32. a3 f5 33. Ke3 Be7 34. h3 h4 35. gxh4 Bxh4 36. b4 cxb4 37. axb4 a6 
38. Kd2 Bd8 39. Kc2 Be7 40. Kb3 b5 41. Bb2 Bf8 42. Bc3 Bd6 43. Bg7 Be7 
44. Bb2 Bd6 45. Bc3 Be7 46. Bg7 Kf7 47. Bc3 Bd6 48. Bb2 Bc7 49. Nc5 bxc4+ 
50. Kxc4 Bxf4 51. Nxa6 Be5 52. Bxe5 Nxe5+ 53. Kd5 Nd7 54. h4 Kf6 55. b5 g5 
56. Nc5 Nb6+ 57. Kc6 gxh4 58. Kxb6 h3 59. Nd3 h2 60. Nf2 Kg5 61. Nh1 1/2-1/2